 Dungeon Crawl Stone Soup version 0.21.1-1-g345015fe64 (webtiles) character file.

16699 Gargoyl the Envoy of Void (level 12, -14/97 HPs)
             Began as a Centaur Abyssal Knight on May 2, 2018.
             Was a High Priest of Lugonu.
             Demolished by a red ugly thing (15 damage)
             ... on level 12 of the Dungeon.
             The game lasted 00:30:14 (17597 turns).

Gargoyl the Envoy of Void (Centaur Abyssal Knight) Turns: 17597, Time: 00:30:15

Health: -14/97     AC: 14    Str: 22    XL:     12   Next: 12%
Magic:  28/28      EV:  5    Int: 11    God:    Lugonu [*****.]
Gold:   625        SH: 16    Dex: 13    Spells: 11/11 levels left

rFire    . . .     SeeInvis .   D - +0 rapier "Merphigux" {pierce, MR+} (curse)
rCold    . . .     Gourm    .   n - +0 large shield
rNeg     . . .     Faith    .   F - +1 scale mail of the Prince of Darkness {MP+9 Str+6 Stlth+}
rPois    +         Spirit   .   t - +1 helmet
rElec    .         Reflect  .   o - +0 cloak
rCorr    .         Harm     .   g - +0 pair of gloves
MR       +....                  (no barding)
Stlth    +.........             y - amulet of regeneration
HPRegen  0.66/turn              d - ring of poison resistance
MPRegen  0.21/turn              (no ring)

@: very quick
A: large, hooves 3, deformed body, speed 2, tough skin 3
a: Depart the Abyss, Bend Space, Banish, Corrupt, Enter the Abyss, Renounce
Religion


You were on level 12 of the Dungeon.
You worshipped Lugonu.
Lugonu was extremely pleased with you.
You were not hungry.

You visited 2 branches of the dungeon, and saw 13 of its levels.
You visited the Abyss 1 time.

You collected 625 gold pieces.

Inventory:

Hand Weapons
 a - a +2 hand axe
 D - the cursed +0 rapier "Merphigux" (weapon) {pierce, MR+}
   (You found it on level 9 of the Dungeon)

   It inflicts extra damage upon your enemies.
   It affects your resistance to hostile enchantments.
   It has a curse placed upon it.
Missiles
 i - 13 tomahawks (quivered)
 r - 7 javelins
Armour
 g - a +0 pair of gloves (worn)
 n - a +0 large shield (worn)
 o - a +0 cloak (worn)
 t - a +1 helmet (worn)
 F - the +1 scale mail of the Prince of Darkness (worn) {MP+9 Str+6 Stlth+}
   (You found it on level 11 of the Dungeon)

   It affects your strength (+6).
   It affects your magic capacity (+9).
   It makes you more stealthy.
Jewellery
 d - a ring of poison resistance (left hand)
 k - an uncursed amulet of magic regeneration {unknown}
 y - an amulet of regeneration (around neck)
Wands
 j - a wand of flame (30)
 w - a wand of iceblast (19)
 x - a wand of paralysis (12)
 E - a wand of disintegration (14)
 G - a wand of clouds (6)
 H - a wand of acid (9)
Scrolls
 e - 11 scrolls of identify
 h - 3 scrolls of enchant weapon
 p - 3 scrolls of teleportation
 u - a scroll of magic mapping
 v - a scroll of blinking
Potions
 b - 5 potions of agility
 l - a potion of invisibility
 m - 2 potions of lignification
 q - 2 potions of haste
 s - a potion of brilliance
 z - 3 potions of curing
 A - 2 potions of heal wounds
 B - a potion of might
Books
 f - a book of Conjurations

   Spells                             Type                      Level
   a - Magic Dart                     Conjuration                  1
   b - Searing Ray                    Conjuration                  2
   c - Dazzling Spray                 Conjuration/Hexes            3
   d - Fulminant Prism                Conjuration/Hexes            4
   e - Force Lance                    Conjuration/Translocation    4
   f - Iskenderun's Mystic Blast      Conjuration                  4
 C - a book of Battle

   Spells                             Type                      Level
   a - Infusion                       Charms                       1
   b - Shroud of Golubria             Charms/Translocation         2
   c - Song of Slaying                Charms                       2
   d - Spectral Weapon                Hexes/Charms                 3
   e - Regeneration                   Charms/Necromancy            3
Comestibles
 c - 18 rations


   Skills:
 + Level 6.3 Fighting
 + Level 4.5 Short Blades
 + Level 7.8 Axes
 * Level 8.7 Armour
 + Level 1.5 Dodging
 + Level 6.6 Shields
 * Level 9.7 Invocations


You had 11 spell levels left.
You didn't know any spells.

Dungeon Overview and Level Annotations

Branches:
Dungeon (12/15)            Temple (0/1) D:4            Lair (1/6) D:10
    Orc (0/2) D:10

Altars:
Cheibriados
Fedhas
Gozag
Hepliaklqana
Nemelex Xobeh
Okawaru
Xom
The Shining One

Annotations:
D:12 Sonja
Lair:1 Harold


Innate Abilities, Weirdness & Mutations

You have hooves in place of feet.
Armour fits poorly on your strangely shaped body.
You cover ground very quickly.
You have extremely tough skin. (AC +3)


Message History

You hit the red ugly thing. You kick the red ugly thing.
The red ugly thing is almost dead.
You block the red ugly thing's attack. The red ugly thing bites you.
You are engulfed in flames!!
* * * LOW HITPOINT WARNING * * *
You barely miss the red ugly thing. You kick the red ugly thing.
The red ugly thing is almost dead.
You block the red ugly thing's attack.
You barely miss the red ugly thing. Your kick misses the red ugly thing.
The red ugly thing is almost dead.
The red ugly thing bites you.
* * * LOW HITPOINT WARNING * * *
You are engulfed in flames!!
* * * LOW HITPOINT WARNING * * *
You closely miss the red ugly thing.
The red ugly thing is almost dead.
The red ugly thing bites you.
* * * LOW HITPOINT WARNING * * *
You are engulfed in flames!
You die...

...##.# #..##..# ...##.#
#..##..# ...##.# #..##..#
. ...##.# #..##..# ..
...##.# #..##..# u..
...##># #..##..# ....
...##.###..##..# .....
...##......##..####......
................@u.......
#########################


You could see a red ugly thing.

Vanquished Creatures
  Pikel (D:8)
  The ghost of freekh the Poker, a novice GnWn (D:4)
  A komodo dragon (D:11)
  Grinder (D:3)
  2 hippogriffs
  25 yaks
  A human (D:7)
  Sigmund (D:6)
  2 wyverns (D:8)
  4 hogs (D:7)
  Menkaure (D:7)
  An acid dragon (D:12)
  A water moccasin (Lair:1)
  2 sky beasts
  A porcupine (Lair:1)
  5 orc warriors
  3 phantoms
  An eye of draining (D:11)
  2 ogres
  5 centaurs
  A crocodile (Lair:1)
  18 big kobolds
  9 bullfrogs
  A gnoll sergeant (D:10)
  4 scorpions
  A wyvern skeleton (D:11)
  A water moccasin skeleton (D:3)
  4 killer bees
  A wight (D:11)
  5 howler monkeys
  7 crimson imps
  A bullfrog zombie (D:11)
  A quasit (D:5)
  7 orc priests
  3 centaur skeletons
  10 orc wizards
  Crazy Yiuf (D:3)
  4 hounds
  4 jellies
  A gnoll shaman (D:5)
  4 iguanas
  Natasha (thrice) (D:3)
  7 worker ants
  A hound zombie (D:5)
  2 hound skeletons
  A worker ant zombie (D:6)
  A howler monkey zombie (D:11)
  19 gnolls
  11 adders
  A howler monkey skeleton (D:6)
  3 shadow imps
  3 oozes
  3 worms
  4 dart slugs
  A leopard gecko (D:6)
  49 orcs
  5 giant cockroaches
  10 goblins
  7 hobgoblins
  22 jackals
  A quokka (D:7)
  2 ball pythons
  8 bats
  7 frilled lizards
  A jackal skeleton (D:4)
  20 kobolds
  9 rats
350 creatures vanquished.

Vanquished Creatures (others)
  A hydra (Lair:1)
  2 two-headed ogres
  2 unseen horrors (D:10)
  A wolf spider zombie (D:11)
  A kobold demonologist (D:10)
  A komodo dragon (Lair:1)
  A slave (D:9)
  A swamp drake (D:10)
  4 orc warriors
  A bullfrog (Lair:1)
  2 killer bees (D:9)
  2 electric eels (D:10)
  A crimson imp (D:10)
  A hound (D:9)
  2 gnolls (D:9)
  3 orcs
  2 plants (D:12)
28 creatures vanquished.

Grand Total: 378 creatures vanquished

Notes
Turn   | Place    | Note
-------+----------+-------------------------------------------
     0 | Abyss:1  | Gargoyl the Centaur Abyssal Knight began the quest for the Orb.
     0 | Abyss:1  | Reached XP level 1. HP: 19/19 MP: 2/2
    52 | Abyss:1  | Noticed a reaper
    52 | Abyss:1  | Noticed a ynoxinul
    62 | Abyss:1  | Noticed a quasit
    75 | D:1      | Escaped the Abyss
   133 | D:1      | Reached * piety under Lugonu
   215 | D:1      | Reached XP level 2. HP: 26/26 MP: 3/3
   636 | D:1      | Reached XP level 3. HP: 23/31 MP: 5/5
  1389 | D:2      | Found a shimmering altar of Xom.
  1393 | D:2      | Reached ** piety under Lugonu
  1397 | D:2      | Found a hazy altar of Hepliaklqana.
  1398 | D:2      | Noticed a spectral ugly thing
  1511 | D:2      | Reached XP level 4. HP: 38/38 MP: 6/6
  2369 | D:3      | Noticed Natasha
  2379 | D:3      | Killed Natasha
  2379 | D:3      | Reached skill level 3 in Invocations
  2379 | D:3      | Reached XP level 5. HP: 24/45 MP: 7/7
  2874 | D:3      | Noticed Natasha
  2881 | D:3      | Killed Natasha
  3010 | D:3      | Noticed Natasha
  3037 | D:3      | Killed Natasha
  3037 | D:3      | Reached XP level 6. HP: 48/51 MP: 8/8
  3051 | D:3      | Reached *** piety under Lugonu
  3279 | D:3      | Found a runed door.
  3309 | D:3      | Noticed Grinder
  3322 | D:3      | Paralysed by something for 2 turns
  3328 | D:3      | Paralysed by something for 2 turns
  3333 | D:3      | Killed Grinder
  3333 | D:3      | Reached skill level 1 in Shields
  3333 | D:3      | Reached skill level 4 in Invocations
  3737 | D:3      | Noticed Crazy Yiuf
  3745 | D:3      | Killed Crazy Yiuf
  3745 | D:3      | Reached XP level 7. HP: 52/58 MP: 10/10
  3855 | D:4      | Noticed freekh's ghost (novice GnWn)
  3959 | D:4      | Found a staircase to the Ecumenical Temple.
  4263 | D:4      | Killed freekh's ghost
  4263 | D:4      | Reached skill level 1 in Dodging
  4263 | D:4      | Reached skill level 5 in Invocations
  4263 | D:4      | Reached XP level 8. HP: 26/66 MP: 11/11
  4712 | D:5      | Entered Level 5 of the Dungeon
  4760 | D:5      | Reached skill level 5 in Axes
  5639 | D:5      | Reached skill level 5 in Armour
  5831 | D:5      | Reached **** piety under Lugonu
  5882 | D:5      | Reached XP level 9. HP: 62/72 MP: 13/13
  6121 | D:5      | Found an iron altar of Okawaru.
  6340 | D:6      | Reached skill level 6 in Invocations
  7114 | D:6      | Noticed Sigmund
  7129 | D:6      | Killed Sigmund
  7296 | D:6      | Found a glowing golden altar of the Shining One.
  7303 | D:6      | Found an opulent altar of Gozag.
  7309 | D:6      | Found a snail-covered altar of Cheibriados.
  7312 | D:6      | Found a sparkling altar of Nemelex Xobeh.
  7918 | D:6      | Found a blossoming altar of Fedhas.
  8306 | D:7      | Got a faintly glowing hat
  8318 | D:7      | Identified the +0 hat of the Little Devil {+Inv} (You found it on level 7 of the Dungeon)
  8424 | D:7      | Reached skill level 5 in Fighting
  9343 | D:7      | Noticed Menkaure
  9394 | D:7      | Reached XP level 10. HP: 17/81 MP: 15/15
  9890 | D:7      | Killed Menkaure
 10020 | D:8      | Noticed a two-headed ogre
 10038 | D:8      | Reached skill level 7 in Invocations
 10388 | D:7      | Banished a two-headed ogre
 10825 | D:8      | Got a scorched trident
 10826 | D:8      | Identified the cursed +1 trident of Tender Mercy {freeze, rF+ rC+ Dex-5} (You found it on level 8 of the Dungeon)
 11498 | D:9      | Noticed Pikel
 11519 | D:8      | Killed Pikel
 12198 | D:9      | Got an ancient rapier
 12206 | D:9      | Identified the cursed +0 rapier "Merphigux" {pierce, MR+} (You found it on level 9 of the Dungeon)
 12276 | D:10     | Entered Level 10 of the Dungeon
 12691 | D:9      | Reached skill level 5 in Shields
 12867 | D:10     | Reached skill level 1 in Short Blades
 12867 | D:10     | Reached skill level 8 in Invocations
 13005 | D:10     | Found a staircase to the Lair.
 13013 | D:10     | Found an iron altar of Okawaru.
 13244 | D:10     | Noticed a two-headed ogre
 13260 | D:10     | Noticed a death yak
 13282 | D:9      | Reached XP level 11. HP: 57/88 MP: 17/17
 13341 | D:10     | HP: 4/88 [two-headed ogre/giant spiked club (14)]
 13343 | D:10     | Banished an unseen horror
 13351 | D:9      | Banished a two-headed ogre
 13638 | D:10     | Banished a death yak
 14355 | Lair:1   | Entered Level 1 of the Lair of Beasts
 14355 | Lair:1   | Noticed a seven-headed hydra
 14356 | Lair:1   | Banished a seven-headed hydra
 14737 | Lair:1   | Noticed Harold
 14897 | D:10     | Reached skill level 9 in Invocations
 15191 | D:10     | Found a staircase to the Orcish Mines.
 15449 | D:10     | Banished an unseen horror
 15718 | D:11     | Got a scorched scale mail
 15746 | D:11     | Identified the +1 scale mail of the Prince of Darkness {MP+9 Str+6 Stlth+} (You found it on level 11 of the Dungeon)
 16084 | D:11     | HP: 3/89 [wolf spider zombie (15)]
 16086 | D:11     | HP: 1/89 [wolf spider zombie (12)]
 16355 | D:11     | Reached XP level 12. HP: 65/96 MP: 19/19
 16888 | D:12     | Reached ***** piety under Lugonu
 16934 | D:12     | Noticed Sonja
 17596 | D:12     | HP: 3/97 [red ugly thing (21)]
 17597 | D:12     | HP: 1/97 [red ugly thing (2)]
 17597 | D:12     | Demolished by a red ugly thing

Skill      XL: |  1  2  3  4  5  6  7  8  9 10 11 |
---------------+----------------------------------+-----
Axes           | 2 3 4 5 7 |  7.8
Armour         | 2 3 4 5 6 7 8 |  8.7
Invocations    | 3 4 5 6 8 9 |  9.7
Shields        | 1 2 3 4 5 6 |  6.6
Fighting       | 4 5 6 |  6.3
Dodging        | 1 |  1.5
Short Blades   | 1 4 |  4.5

Action                   |  1- 3 |  4- 6 |  7- 9 | 10-12 || total
-------------------------+-------+-------+-------+-------++-------
Melee: Hand axe          |   114 |   154 |   594 |   163 ||  1025
       Kick              |    19 |    25 |   151 |   366 ||   561
       Rapier            |       |       |       |  1057 ||  1057
       Trident           |       |       |       |    17 ||    17
Throw: Tomahawk          |       |       |     1 |     1 ||     2
Invok: Depart the Abyss  |     1 |       |       |       ||     1
       Banish            |       |       |     1 |    20 ||    21
       Bend Space        |       |       |       |     2 ||     2
  Use: Scroll            |     8 |     1 |     6 |     8 ||    23
       Potion            |       |     1 |     5 |     3 ||     9
 Stab: Confused          |       |       |       |     1 ||     1
  Eat: Ration            |     1 |     1 |     5 |     6 ||    13
       Chunk             |       |       |     1 |    11 ||    12
Armor: Leather armour    |     6 |       |       |       ||     6
       Plate armour      |   109 |   142 |   373 |   582 ||  1206
       Skin              |       |       |     3 |       ||     3
       Scale mail        |       |       |       |    78 ||    78
Dodge: Dodged            |    29 |    10 |    13 |    59 ||   111
Block: Large shield      |       |    56 |   406 |   968 ||  1430
